[Event "Team 45 45 League T24"]
[Site "Free Internet Chess Server"]
[Date "2004.09.18"]
[Round "1"]
[White "MattBinMi"]
[Black "zcomcon"]
[Result "0-1"]
[WhiteElo "1566"]
[BlackElo "1732"]
[TimeControl "2700+45"]

1. e4 e5 2. Bc4 Nf6 3. d4 exd4 4. Nf3 d6 5. O-O Be7 6. e5 dxe5 7. Nxe5 O-O 8. c3 dxc3 9. Nxc3 Qxd1 10. Rxd1 c6 11. Re1 Bc5 12. Be3 Bxe3 13. Rxe3 Nbd7 14. Rae1 Nxe5 15. Rxe5 Bd7 16. Ne4 Nxe4 17. R5xe4 Rae8 18. Bxf7+ Kxf7 19. Rf4+ Kg8 20. Rxf8+ Kxf8 21. Rxe8+ Kxe8 22. g3 Ke7 23. f4 g6 24. Kf2 Kd6 25. Ke3 h5 26. h4 b5 27. b4 Bf5 28. Kd4 Bb1 29. a3 Bc2 30. Kc3 Bf5 31. Kd4 Bb1 32. Kc3 Kd5 33. Kb2 Bf5 34. Kc3 c5   {White resigns} 0-1

[Event "Team 45 45 League T24"]
[Site "Free Internet Chess Server"]
[Date "2004.09.12"]
[Round "1"]
[White "Vinoblanca"]
[Black "grabapawn"]
[Result "1-0"]
[WhiteElo "1484"]
[BlackElo "1469"]
[TimeControl "2700+45"]

1. d4 d5 2. c4 Nf6 3. Nc3 Bg4 4. f3 Bh5 5. Bf4 e6 6. Qb3 b6 7. Nb5 Na6 8. Qa4 Qc8 9. Nxc7+ Kd8 10. Nxa8 Qxa8 11. Qxa6 Bb4+ 12. Bd2 Bxd2+ 13. Kxd2 Re8 14. e3 Qc6 15. c5 Re7 16. cxb6 axb6 17. Rc1 Qd7 18. Bb5 Qb7 19. Qxb7 Rxb7 20. Rc3 Ng8 21. Ne2 Ne7 22. Rhc1 Bg6 23. Nf4 Bf5 24. g4 Bg6 25. Nxg6 hxg6 26. Ra3 Rc7 27. Ra8+ Nc8 28. Ba6 Rxc1 29. Kxc1 g5 30. Bxc8 Ke7 31. Ra7+ Kf6 32. Rb7 b5 33. Rxb5 g6 34. a4 e5 35. dxe5+ Kxe5 36. Bb7 f5 37. Bxd5 fxg4 38. fxg4 Kd6 39. Bc4 Kc6 40. a5 Kd6 41. a6   {Black resigns} 1-0

[Event "Team 45 45 League T24"]
[Site "Free Internet Chess Server"]
[Date "2004.09.12"]
[Round "1"]
[White "JayH"]
[Black "crane"]
[Result "0-1"]
[WhiteElo "1479"]
[BlackElo "1348"]
[TimeControl "2700+45"]

1. e4 e5 2. Nf3 Nf6 3. a3 Nc6 4. Nc3 Bc5 5. h3 d5 6. Bb5 O-O 7. Bxc6 bxc6 8. Nxe5 Re8 9. d4 Nxe4 10. Nxe4 dxe4 11. c3 Qf6 12. Be3 Rb8 13. Qd2 Be7 14. O-O-O h5 15. g3 Bf5 16. g4 hxg4 17. hxg4 Bc8 18. Rh5 g6 19. Rg1 gxh5 20. gxh5+ Kh8 21. Bh6 Rg8 22. Bg5 Rxg5 23. Rxg5 e3 24. Qxe3 c5 25. Qg3 Qxg5+ 26. Qxg5 Bxg5+ 27. Kb1 Bf5+ 28. Ka1 Kg7 29. Nc6 Rh8 30. dxc5 Rxh5 31. Nxa7 Rh2 32. Nb5 c6 33. Nd4 Be4 34. Ka2 Rxf2 35. Kb3 Be7 36. a4 Bxc5 37. Kc4 Bb6 38. b4 Bd5+ 39. Kd3 Kf6 40. c4 Bxd4 41. Kxd4 Rf4+ 42. Kd3 Rxc4   {White resigns} 0-1

[Event "Team 45 45 League T24"]
[Site "Free Internet Chess Server"]
[Date "2004.09.11"]
[Round "1"]
[White "RussoTuristo"]
[Black "threeNT"]
[Result "1/2-1/2"]
[WhiteElo "1820"]
[BlackElo "1619"]
[TimeControl "2700+45"]

1. e4 e5 2. Nf3 Nc6 3. Bc4 Bc5 4. c3 d6 5. h3 Nf6 6. d4 Qe7 7. dxc5 Nxe4 8. cxd6 Nxd6 9. Bb3 e4 10. Nh2 Bf5 11. Be3 O-O-O 12. Qe2 h5 13. Nd2 h4 14. O-O-O Na5 15. Kb1 Nxb3 16. Nxb3 Be6 17. Nd4 Bc4 18. Qd2 Nb5 19. Qc1 Rh5 20. Nxb5 Rxb5 21. Rxd8+ Kxd8 22. Rd1+ Kc8 23. b4 a5 24. a3 Bd3+ 25. Ka1 axb4 26. cxb4 Qe5+ 27. Qb2 Qxh2 28. Qxg7 Qe5+ 29. Qxe5 Rxe5 30. Kb2 Kd7 31. Kc3 Ke6 32. Rd2 Bf1 33. g3 hxg3 34. fxg3 Bxh3 35. Bf4 Rd5 36. Rxd5 Kxd5 37. Bxc7 b5 38. Bf4 Be6 39. Be3 f5 40. a4 bxa4 41. b5 a3 42. b6 Kc6 43. Bc5 a2 44. Kb2 Bd5 45. Be3 Kb5 46. b7 Bxb7 47. Kxa2 Kc4 48. Kb2 Kd3 49. Bc5 e3 50. Kc1 Ke2 51. Kc2 Ba6 52. Bb6 Kf3 53. Kd1 e2+ 54. Ke1 Kxg3 55. Bf2+ Kg2 56. Bb6 f4 57. Bc5 f3 58. Bb6 Bc4 59. Bc5 Bb3 60. Bb6 Be6 61. Bf2 Bh3 62. Bb6   {Game drawn by mutual agreement} 1/2-1/2

[Event "Team 45 45 League T24"]
[Site "Free Internet Chess Server"]
[Date "2004.09.11"]
[Round "1"]
[White "FusterCluck"]
[Black "JoeytheBudgie"]
[Result "0-1"]
[WhiteElo "1617"]
[BlackElo "1643"]
[TimeControl "2700+45"]

1. Nc3 c5 2. Nf3 Nf6 3. d4 cxd4 4. Nxd4 d6 5. Bg5 e6 6. e3 Be7 7. Bd3 a6 8. Qf3 Qc7 9. h4 h6 10. Bxf6 Bxf6 11. O-O-O Nd7 12. g4 Ne5 13. Qg2 Nxd3+ 14. Rxd3 Bd7 15. g5 Bxd4 16. exd4 hxg5 17. Qxg5 g6 18. Qf6 Rh5 19. Rf3 Bc6 20. Re1 Bxf3 21. Rxe6+ fxe6 22. Qxe6+ Qe7 23. Qxg6+ Kf8 24. b3 Rc8 25. Kb2 Rc6 26. Qg3 Qf6 27. Kb1   {White resigns} 0-1

[Event "Team 45 45 League T24"]
[Site "Free Internet Chess Server"]
[Date "PDT.09.0"]
[Round "1"]
[White "senorquinn"]
[Black "xplan"]
[Result "1-0"]
[WhiteElo "1481"]
[BlackElo "1538"]
[TimeControl "2700+45"]

1. d4 Nf6 2. Nf3 e6 3. e3 d5 4. c4 b6 5. Nc3 Bb4 6. Qa4+ Bd7 7. Qxb4 Nc6 8. Qb3 Na5 9. Qc2 Nxc4 10. Bd3 h6 11. b3 Nd6 12. e4 dxe4 13. Nxe4 Ndxe4 14. Bxe4 Rb8 15. O-O Nxe4 16. Qxe4 O-O 17. d5 exd5 18. Qxd5 Qf6 19. Qd4 Kh7 20. Qxf6 gxf6 21. Bb2 Rg8 22. Kh1 Rg6 23. Nh4 Rg4 24. Nf3 Rbg8 25. Rg1 Bc6 26. Bxf6 Rf4 27. Be5 Rxf3 28. Bg3 Rc3 29. Rac1 Rxc1 30. Rxc1 Rg6 31. f3 a5 32. Bxc7 Bb5 33. Kg1 Re6 34. Rc2 Kg6 35. Kf2 f5 36. g4 fxg4 37. fxg4 a4 38. Rd2 Rc6 39. Rd6+ Rxd6 40. Bxd6 Bd7 41. Kg3 b5 42. Kh4 Be6 43. bxa4 bxa4 44. a3 Bxg4 45. Kxg4 h5+ 46. Kh3 Kg5 47. Bb4 Kf5 48. Kh4 Kg6 49. Bd2 Kf5 50. Kxh5 Ke4 51. h4 Kd3 52. Bb4 Ke4 53. Kh6 Kf5 54. h5 Kf6 55. Kh7 Kf7 56. h6   {Black resigns} 1-0

[Event "Team 45 45 League T24"]
[Site "Free Internet Chess Server"]
[Date "PDT.09.0"]
[Round "1"]
[White "chesstalker"]
[Black "gflan"]
[Result "0-1"]
[WhiteElo "1357"]
[BlackElo "1553"]
[TimeControl "2700+45"]

1. d4 c6 2. e4 d5 3. e5 Bf5 4. Bf4 e6 5. Nf3 c5 6. Bb5+ Nc6 7. Nc3 a6 8. Bd3 cxd4 9. Bxf5 dxc3 10. Bh3 cxb2 11. Rb1 Qb6 12. O-O Na5 13. Nd4 Bc5 14. c3 Nc4 15. Qa4+ Kd8 16. Bc1 bxc1=Q 17. Rfxc1 Qc7 18. Nf3 Ne7 19. Ng5 Ng6 20. Rb5 Ke7 21. Rbb1 b5 22. Qd1 Qxe5 23. Qg4 Ne3 24. Qh5 h6 25. Qf3 hxg5 26. fxe3 Bxe3+ 27. Kh1 Bxc1 28. Rxc1 Rh4 29. g4 Rah8 30. Rf1 Qe4 31. Qg2 Qxg2+ 32. Bxg2 Rxh2+ 33. Kg1 Nf4 34. Bf3 Ne2+ 35. Bxe2 Rxe2 36. Rf2 Rxf2 37. Kxf2 Rh2+ 38. Kg3 Rxa2 39. Kh3 Ra3 40. Kg2 Rxc3 41. Kf2 Rc4 42. Ke3 a5 43. Kd3 a4   {White resigns} 0-1

[Event "Team 45 45 League T24"]
[Site "Free Internet Chess Server"]
[Date "2004.09.11"]
[Round "1"]
[White "Huevon"]
[Black "adingod"]
[Result "1/2-1/2"]
[WhiteElo "1914"]
[BlackElo "2099"]
[TimeControl "2700+45"]

1. f4 d5 2. Nf3 Nf6 3. b3 g6 4. Bb2 Bg7 5. e3 O-O 6. Be2 c5 7. O-O Nc6 8. Bb5 Bg4 9. Bxc6 bxc6 10. d3 Qb6 11. Qe1 Rad8 12. Nbd2 Rfe8 13. h3 Bxf3 14. Rxf3 e6 15. Qh4 Qa5 16. Qe1 Nh5 17. Bxg7 Nxg7 18. Nf1 Qb6 19. Qc3 Nf5 20. Re1 a5 21. a4 Ne7 22. Kh2 Qb4 23. Qxb4 cxb4 24. Nd2 c5 25. e4 Nc6 26. Rf2 Nd4 27. Nf3 Nxf3+ 28. Rxf3 f5 29. exd5 exd5 30. Rfe3 Kf7 31. g4 fxg4 32. hxg4 Rxe3 33. Rxe3 Re8 34. Rxe8 Kxe8 35. Kg3 h6 36. Kf3 Kf7 37. Kg3 Ke6 38. Kh4 Kf6 39. Kh3 Ke6   {Game drawn by mutual agreement} 1/2-1/2

[Event "Team 45 45 League T24"]
[Site "Free Internet Chess Server"]
[Date "2004.09.11"]
[Round "1"]
[White "sidiAhmed"]
[Black "Gazzer"]
[Result "1-0"]
[WhiteElo "1599"]
[BlackElo "1664"]
[TimeControl "2700+45"]

1. d4 c6 2. c4 d5 3. Nc3 Nf6 4. Bg5 e6 5. Nf3 Nbd7 6. e4 dxe4 7. Nxe4 Bb4+ 8. Nc3 Qa5 9. Bd2 Qc7 10. Bd3 O-O 11. O-O Be7 12. Re1 Re8 13. Ne5 c5 14. Nb5 Qb8 15. Bf4 Bd6 16. Nxd6 Qxd6 17. dxc5 Qxc5 18. Re3 Nf8 19. Rg3 Nh5 20. Qxh5   {Black resigns} 1-0

[Event "Team 45 45 League T24"]
[Site "Free Internet Chess Server"]
[Date "2004.09.10"]
[Round "1"]
[White "twinders"]
[Black "JoeytheBudgie"]
[Result "0-1"]
[WhiteElo "1614"]
[BlackElo "1569"]
[TimeControl "2700+45"]

1. d4 Nf6 2. Nf3 e6 3. Bf4 b6 4. c3 Bb7 5. Nbd2 d5 6. e3 Be7 7. Qc2 Nbd7 8. Bd3 c5 9. b3 cxd4 10. cxd4 Rc8 11. Qb1 h6 12. O-O O-O 13. Ne5 Bb4 14. Ndf3 Bc3 15. Nxd7 Qxd7 16. Ne5 Qe7 17. h3 Bxa1 18. Qxa1 Qb4 19. Qb1 Ne4 20. Bxe4 dxe4 21. Nc4 Rfd8 22. Rd1 Bd5 23. Nd2 f5 24. Be5 Qc3 25. Nf1 Qc2 26. Ng3 Qxb1 27. Rxb1 Rc2 28. a3 Rdc8 29. b4 Rc1+ 30. Rxc1 Rxc1+ 31. Kh2 Ra1 32. Nh5 g6 33. Nf6+ Kf7 34. Nxd5 exd5 35. Kg3 Rxa3 36. Bd6 a5 37. bxa5 Rxa5 38. f3 exf3 39. Kxf3 Ke6 40. Bc7 Rb5 41. h4 Rb1 42. Kf4 b5 43. Kf3 b4 44. Ba5 b3 45. Bc3 b2 46. Kg3 Kf6 47. Kh2 Rh1+   {White resigns} 0-1

[Event "Team 45 45 League T24"]
[Site "Free Internet Chess Server"]
[Date "2004.09.12"]
[Round "1"]
[White "sacKING"]
[Black "TGV"]
[Result "1-0"]
[WhiteElo "1796"]
[BlackElo "1786"]
[TimeControl "2700+45"]

1. c4 Nf6 2. g3 g6 3. Bg2 Bg7 4. Nc3 c5 5. a3 Nc6 6. Rb1 a5 7. d3 O-O 8. Bf4 d6 9. Qd2 Re8 10. Nf3 e5 11. Bg5 Nd4 12. Nxd4 exd4 13. Nd5 Bg4 14. O-O Rxe2 15. Qf4 Bf5 16. g4 Bxd3 17. Nxf6+ Bxf6 18. Bxf6 Qd7 19. Qh6   {Black resigns} 1-0

[Event "Team 45 45 League T24"]
[Site "Free Internet Chess Server"]
[Date "2004.09.15"]
[Round "1"]
[White "Pieris"]
[Black "geolas"]
[Result "0-1"]
[WhiteElo "1733"]
[BlackElo "1789"]
[TimeControl "2700+45"]

1. e4 e5 2. Nf3 f5 3. exf5 e4 4. Ne5 Nf6 5. Be2 Be7 6. Bh5+ Kf8 7. Nf7 Qe8 8. d3 Nxh5 9. Qxh5 Qxf7 10. Qxf7+ Kxf7 11. dxe4 Nc6 12. c3 Ne5 13. O-O Nd3 14. Nd2 Nxc1 15. Raxc1 d6 16. f4 g6 17. fxg6+ hxg6 18. Rce1 Kg7 19. e5 dxe5 20. Rxe5 Bd6 21. Ree1 Bf5 22. Nc4 Bc5+ 23. Kh1 Bd3 24. Na5 Bxf1 25. Rxf1 Rae8 26. Nxb7 Bf2 27. h3 Re1 28. Rxe1 Bxe1 29. Kh2 Re8 30. Nc5 Re3 31. g4 Bg3+ 32. Kg2 Bxf4 33. c4 Bd6   {White resigns} 0-1

[Event "Team 45 45 League T24"]
[Site "Free Internet Chess Server"]
[Date "PDT.09.0"]
[Round "1"]
[White "Esekla"]
[Black "sostoned"]
[Result "0-1"]
[WhiteElo "1628"]
[BlackElo "1657"]
[TimeControl "2700+45"]

1. d4 Nf6 2. e3 d5 3. Bd3 g6 4. f4 Bg7 5. Nd2 b6 6. Ngf3 Ba6 7. c4 O-O 8. b3 Ng4 9. Qe2 f5 10. O-O Bb7 11. Ne5 Nf6 12. Rf2 Nc6 13. h3 Nb4 14. Bb1 dxc4 15. Qxc4+ Nbd5 16. e4 fxe4 17. Nxe4 Nxe4 18. Bxe4 Bxe5 19. fxe5 Rxf2 20. Kxf2 e6 21. Qd3 Qh4+ 22. Kg1 Rf8 23. Bh6 Qxh6 24. Re1 Nf4 25. Qc4 Bxe4 26. Rxe4 Nd5 27. Qc6 g5 28. Qc1 Qg6 29. Rg4 Nf4 30. Kh2 h5 31. Rg3 Rf7 32. Rf3 Qe4 33. Qd2 Qe2 34. Qxe2 Nxe2 35. Rd3 Rd7 36. g3 Rxd4 37. Rxd4 Nxd4 38. Kg2 g4 39. hxg4 hxg4 40. Kf2 Nf5 41. Kg2 Kf8 42. a3 Ke8 43. Kf2 Kd7 44. Ke2 Kc6 45. Kd3 Nxg3 46. Ke3 Nf5+ 47. Kf4 g3 48. Kf3 Kd5   {White resigns} 0-1

[Event "Team 45 45 League T24"]
[Site "Free Internet Chess Server"]
[Date "2004.09.11"]
[Round "1"]
[White "inkaotibus"]
[Black "sonareclipse"]
[Result "1-0"]
[WhiteElo "2119"]
[BlackElo "1995"]
[TimeControl "2700+45"]

1. e4 c5 2. Nf3 d6 3. d4 cxd4 4. Nxd4 Nf6 5. Nc3 Nc6 6. Be3 Bd7 7. f3 a6 8. Qd2 e6 9. g4 h6 10. O-O-O b5 11. g5 hxg5 12. Bxg5 Qa5 13. Bxf6 gxf6 14. Kb1 Bh6 15. Nxc6 Bxc6 16. Qxd6 Rc8 17. Nd5 exd5 18. Qxf6 Rh7 19. Qf5 Bd7 20. Qxh7 Rxc2 21. Qh8+ Ke7 22. Kxc2 Qa4+ 23. b3 Qxa2+ 24. Qb2 Qa5 25. exd5 Bg5 26. Qe5+ Kf8 27. Qxg5 Qa2+ 28. Kc1 Qa1+ 29. Kd2 Qb2+ 30. Ke1 Qc3+ 31. Kf2 f6 32. Qh6+ Ke8   {Black resigns} 1-0

[Event "Team 45 45 League T24"]
[Site "Free Internet Chess Server"]
[Date "2004.09.10"]
[Round "1"]
[White "reasoanblep"]
[Black "thomchad"]
[Result "1/2-1/2"]
[WhiteElo "2017"]
[BlackElo "1919"]
[TimeControl "2700+45"]

1. Nf3 c6 2. d4 d5 3. c4 Nf6 4. Nc3 Bf5 5. cxd5 cxd5 6. Qb3 b6 7. e4 Nxe4 8. Nxe4 dxe4 9. Ne5 Be6 10. Bb5+ Nd7 11. d5 Bf5 12. g4 a6 13. Bc6 f6 14. gxf5 fxe5 15. Bxa8 Qxa8 16. Be3 b5 17. a4 bxa4 18. Rxa4 Nf6 19. Ra5 Qd8 20. Qa2 g6 21. Rxa6 Qxd5 22. Ra8+ Kf7 23. fxg6+ hxg6 24. Qxd5+ Nxd5 25. h4 Rh5 26. Ra4 Bg7 27. Kd2 Bf6 28. Rxe4 g5 29. Ke2 gxh4 30. Kf3 Rh8 31. Kg2 Rb8 32. Bc1 Ke6 33. Rh3 Kf5 34. Re2 e4 35. b3 e3 36. fxe3 Ke4 37. Bb2 Bg5 38. Bd4   {Game drawn by mutual agreement} 1/2-1/2

[Event "Team 45 45 League T24"]
[Site "Free Internet Chess Server"]
[Date "2004.09.11"]
[Round "1"]
[White "JDFitzpat"]
[Black "xivarmy"]
[Result "1/2-1/2"]
[WhiteElo "1936"]
[BlackElo "1925"]
[TimeControl "2700+45"]

1. c4 c6 2. Nc3 Nf6 3. d4 d5 4. Bf4 Nbd7 5. e3 e6 6. Nf3 Be7 7. Bd3 Nh5 8. Bg3 Nxg3 9. hxg3 h6 10. Qc2 dxc4 11. Bxc4 b5 12. Bd3 Qb6 13. Rc1 a6 14. Ne4 Bb7 15. Nfd2 f5 16. Nc5 Nxc5 17. dxc5 Qc7 18. Nf3 Qa5+ 19. Qc3 Qxc3+ 20. Rxc3 Bf6 21. Rc2 O-O-O 22. Ke2 Rd7 23. Rd1 Rhd8 24. Rcd2 Kc7 25. a3 Bc8 26. b4 e5 27. Bc2 Rxd2+ 28. Rxd2 Rxd2+ 29. Nxd2 Be6 30. Bb3 Bxb3 31. Nxb3 Kd7 32. f3 e4 33. Nd2 Bb2 34. Nb1 Ke6 35. Kd2 exf3 36. gxf3 h5 37. f4 Kd5 38. Kd3 g6 39. Kc2 Ke4 40. Kxb2 Kf3 41. Kc3 Kxg3 42. Kd3 Kf2 43. e4 fxe4+ 44. Kxe4 h4 45. Nd2 h3 46. Nf3 Kg2 47. Nh4+ Kg3 48. Nf3 Kf2 49. Nh2 Kg2 50. Nf3 Kf2 51. Nh2 Kg2 52. Nf3 Kf2   {Game drawn by repetition} 1/2-1/2

[Event "Team 45 45 League T24"]
[Site "Free Internet Chess Server"]
[Date "2004.09.11"]
[Round "1"]
[White "maeck"]
[Black "Relu"]
[Result "1/2-1/2"]
[WhiteElo "1908"]
[BlackElo "1855"]
[TimeControl "2700+45"]

1. d4 Nf6 2. c4 g6 3. Nc3 Bg7 4. e4 d6 5. Nf3 O-O 6. Be2 e5 7. d5 a5 8. Bg5 Na6 9. Nd2 Qe8 10. O-O h6 11. Bh4 Nh7 12. Qc2 h5 13. f3 Bh6 14. Bf2 Qe7 15. Kh1 h4 16. Rfd1 f5 17. a3 Bd7 18. Rab1 Qg5 19. b4 axb4 20. axb4 Nf6 21. c5 Nh5 22. Nc4 Ng3+ 23. Bxg3 hxg3 24. cxd6 Qh4 25. h3 cxd6 26. Nxd6 Qe7 27. Ncb5 Rf6 28. Nxb7 Bxb5 29. Bxb5 Qxb7 30. Bc6 Qc8 31. Qb3 Rd6 32. b5 Nc5 33. Qc3 Nd7 34. b6 Rb8 35. Qa3 Bf8 36. Qa7 Qd8 37. Qa1 Rxb6 38. Bxd7 Qxd7 39. Qxe5 fxe4 40. fxe4 Qe7 41. Qd4 Bg7 42. Qxb6 Rxb6 43. Rxb6 Qxe4 44. Re6 Qf5 45. Re8+ Kf7 46. Ree1 Bf6 47. Rf1 Qd7 48. Rf3 Kg7 49. Rxg3 Qd6 50. Re3 Be5 51. Rde1 Bg3 52. Rd1 Be5 53. g3 Bxg3 54. Kg2 Be5 55. Rf3   {Game drawn by mutual agreement} 1/2-1/2

[Event "Team 45 45 League T24"]
[Site "Free Internet Chess Server"]
[Date "2004.09.12"]
[Round "1"]
[White "STDSkillz"]
[Black "Tokyo"]
[Result "0-1"]
[WhiteElo "1956"]
[BlackElo "2151"]
[TimeControl "2700+45"]

1. d4 c6 2. c4 d5 3. e3 Nf6 4. Nf3 e6 5. Nc3 Bd6 6. Bd3 O-O 7. e4 dxe4 8. Nxe4 Nxe4 9. Bxe4 Nd7 10. Qc2 h6 11. O-O f5 12. Bd3 g5 13. Qe2 Qf6 14. b4 g4 15. Nd2 Bxb4 16. Bb2 Nb6 17. Nb3 Na4 18. c5 Bc3 19. Bxc3 Nxc3 20. Qb2 Nd5 21. Rad1 Qh4 22. Rfe1 f4 23. g3 Qf6 24. Re5 Bd7 25. Rde1 Rf7 26. Nd2 fxg3 27. fxg3 Qf2+ 28. Kh1 Qf6 29. Qxb7 Raf8 30. Rf1 Qg7 31. Rxf7 Qxf7 32. Qxa7 Rd8 33. Qa5 Rb8 34. Re4 Qf2 35. Rxg4+ Kh8 36. Re4 Ne3 37. Rxe3 Qxe3 38. Qc7 Rf8 39. Qe5+ Qxe5 40. dxe5 Rf2 41. Nc4 Rxa2 42. h3 Bc8 43. Be4 Ba6 44. Nb6 Bb5 45. Nc8 Re2 46. Nd6 Kg7 47. Kg1 Kf8 48. g4 Ke7 49. h4 Kd7 50. g5 hxg5 51. hxg5 Ke7 52. g6 Kf8 53. Kh1 Rd2   {White resigns} 0-1

[Event "Team 45 45 League T24"]
[Site "Free Internet Chess Server"]
[Date "2004.09.13"]
[Round "1"]
[White "Baggins"]
[Black "logis"]
[Result "1-0"]
[WhiteElo "2075"]
[BlackElo "1908"]
[TimeControl "2700+45"]

1. d4 e6 2. c4 d5 3. Nf3 Nf6 4. Nc3 c6 5. e3 Nbd7 6. Bd3 Bd6 7. O-O O-O 8. e4 dxe4 9. Nxe4 Nxe4 10. Bxe4 Nf6 11. Qc2 Nxe4 12. Qxe4 Qc7 13. Ng5 g6 14. Qh4 h5 15. g4 f6 16. Ne4 Be7 17. gxh5 g5 18. Qg3 Qxg3+ 19. hxg3 Kg7 20. Kg2 Kh6 21. Rh1 f5 22. Nc3 Bf6 23. Be3 b6 24. Rad1 Bb7 25. f3 Rad8 26. Ne2 Rd7 27. b3 Rfd8 28. Rde1 Re7 29. Kf2 e5 30. dxe5 Bxe5 31. f4 Bf6 32. fxg5+ Bxg5 33. Nd4 Bxe3+ 34. Rxe3 Rf7 35. Nf3 c5 36. Re6+ Kg7 37. h6+ Kh8 38. Rh5 Bc8 39. Rg6 f4 40. g4 Rg8 41. Rxg8+ Kxg8 42. g5 Kh7 43. Ne5 Rf5 44. g6+   {Black resigns} 1-0

[Event "Team 45 45 League T24"]
[Site "Free Internet Chess Server"]
[Date "2004.09.14"]
[Round "1"]
[White "Clodagh"]
[Black "MarkovUC"]
[Result "1/2-1/2"]
[WhiteElo "1813"]
[BlackElo "1804"]
[TimeControl "2700+45"]

1. e4 d5 2. exd5 Nf6 3. d4 Bg4 4. f3 Bf5 5. Bb5+ Nbd7 6. c4 e6 7. dxe6 Bxe6 8. c5 c6 9. Ba4 Nd5 10. Nc3 Qh4+ 11. g3 Qh5 12. Nxd5 Bxd5 13. Qe2+ Be7 14. Bf4 Nf8 15. Bd6 Ne6 16. Bxe7 Kxe7 17. O-O-O Kd7 18. h4 Rhe8 19. g4 Qh6+ 20. Kb1 Nxc5 21. Qc2 Nxa4 22. Qxa4 Qe3 23. Rh2 Bxf3 24. Nxf3 Qxf3 25. d5 Qe4+ 26. Qxe4 Rxe4 27. dxc6+ Kxc6 28. Rc2+ Kb6 29. Rd6+ Kb5 30. Rc7 b6 31. Rd5+ Ka6 32. Rd3 Rxg4 33. Ra3+ Kb5 34. Rb3+ Rb4 35. Rxb4+ Kxb4 36. Rxf7 Rg8 37. Rxa7 h6 38. Rb7 Kb5 39. h5 g5 40. hxg6 Rxg6 41. Kc2 h5 42. Rh7 Rg5 43. Kc3 Rd5 44. b4 Re5 45. a3 Re3+ 46. Kb2 Rh3 47. Rh6 h4 48. Rh7 Rh2+ 49. Kc3 h3 50. Kb3 Rh1 51. a4+ Kc6 52. Rh6+ Kd5 53. Kc3 h2 54. Kb2 Kc4 55. Rh4+ Kd5 56. a5 bxa5 57. bxa5 Kc6 58. a6 Kb6 59. Rh6+ Ka7 60. Ka2 Ka8 61. Rh7 Kb8 62. a7+ Ka8 63. Kb2 Rg1   {Game drawn by mutual agreement} 1/2-1/2

[Event "Team 45 45 League T24"]
[Site "Free Internet Chess Server"]
[Date "2004.09.11"]
[Round "1"]
[White "Haotu"]
[Black "fismoluni"]
[Result "0-1"]
[WhiteElo "1814"]
[BlackElo "1592"]
[TimeControl "2700+45"]

1. e4 c5 2. Nf3 d6 3. d4 cxd4 4. Nxd4 Nf6 5. Nc3 a6 6. Be3 e6 7. f3 b5 8. Qd2 Nbd7 9. O-O-O Bb7 10. g4 h6 11. h4 b4 12. Nce2 d5 13. exd5 Nxd5 14. Bf2 Be7 15. Bg2 Rc8 16. Kb1 Qc7 17. g5 N7b6 18. gxh6 Rxh6 19. Rc1 Nc4 20. Qd3 Bf6 21. Bg3 Be5 22. Bxe5 Nxe5 23. Qb3 Nc4 24. Qa4+ Ke7 25. c3 Ndb6 26. Qxb4+ Ke8 27. Rcg1 Rf6 28. Bh3 Nd5 29. Qa4+ Kf8 30. Qc2 Rh6 31. Qc1 Qb6 32. Bf1 Nde3 33. Ka1 Nd5 34. Qc2 Nde3 35. Qb3 Nxf1 36. Qxb6 Nxb6 37. Rxf1 Nd5 38. Kb1 Ke7 39. Rh3 Ne3 40. Rfh1 Rch8 41. R1h2 Nf1 42. Rf2 Ne3 43. Rfh2 Nf1 44. Rh1 Ne3 45. Kc1 Rh5 46. Kd2 Nc4+ 47. Kc2 Ne3+ 48. Kd3 Nd5 49. R1h2 g5 50. c4 Nb4+ 51. Kc3 Nc6 52. Rg3 gxh4 53. Rg4 Ne5 54. Rgg2 Nxf3 55. Nxf3 Bxf3 56. Rf2 Bb7 57. b4 e5 58. c5 f5 59. Kc4 Bc6 60. Nc3 Ke6 61. a4 h3 62. b5 axb5+ 63. axb5 Bg2 64. c6 Kd6 65. Nd1 f4 66. Rd2+ Kc7 67. Rd7+ Kc8 68. Kc5 R5h6 69. Kb6 R8h7 70. Rd2 e4 71. Ra2 Kb8 72. Rhxg2 hxg2 73. Rxg2 Rh8 74. Rg7 R6h7 75. Rg4 Rf8 76. Nf2 e3 77. Ne4 e2 78. Rg1 Re7 79. Nc5 e1=Q 80. Rxe1 Rxe1 81. Nd7+ Kc8 82. Nxf8 f3 83. Kc5 f2 84. b6 f1=Q 85. b7+ Kc7 86. b8=Q+ Kxb8 87. Nd7+   {White resigns} 0-1

[Event "Team 45 45 League T24"]
[Site "Free Internet Chess Server"]
[Date "2004.09.13"]
[Round "1"]
[White "TibetianTick"]
[Black "Chessface"]
[Result "0-1"]
[WhiteElo "1626"]
[BlackElo "1653"]
[TimeControl "2700+45"]

1. e4 c5 2. d4 e6 3. Nf3 cxd4 4. c3 Nc6 5. cxd4 d5 6. e5 Qb6 7. b3 Bd7 8. Nc3 Bb4 9. Bb2 Rc8 10. Rc1 Nge7 11. Be2 Nf5 12. a3 Ncxd4 13. axb4 Qxb4 14. Nxd4 Nxd4 15. O-O Nxb3 16. Na2 Rxc1 17. Nxb4 Rxd1 18. Rxd1 O-O 19. f4 Rc8 20. Kf2 a5 21. Nd3 Bb5 22. Ba3 Nd4 23. Rb1 Rc2 24. Ke3 Nf5+ 25. Kf2 Bxd3 26. Kg1 Rxe2 27. Rxb7 h6   {White resigns} 0-1

[Event "Team 45 45 League T24"]
[Site "Free Internet Chess Server"]
[Date "PDT.09.0"]
[Round "1"]
[White "wook"]
[Black "Chessty"]
[Result "0-1"]
[WhiteElo "1530"]
[BlackElo "1555"]
[TimeControl "2700+45"]

1. e4 e5 2. Nf3 Nc6 3. Nc3 Nf6 4. Bb5 d6 5. O-O Bd7 6. h3 a6 7. Bxc6 Bxc6 8. d3 Be7 9. Re1 O-O 10. Bg5 Nd7 11. Bxe7 Qxe7 12. d4 exd4 13. Nxd4 Ne5 14. f4 Ng6 15. Nxc6 bxc6 16. f5 Nf4 17. Qg4 Qe5 18. Rf1 Nxg2 19. Qxg2 f6 20. Rad1 Rab8 21. Rf3 Rxb2 22. Qg4 Rxc2 23. Rg3 Rf7 24. Qf3 h5 25. Rf1 h4 26. Rg2 Rxc3 27. Qh5 Rxh3 28. Qg4 Rg3 29. Qxh4 Rxg2+ 30. Kxg2 c5 31. Rh1 Rf8 32. Qh8+ Kf7 33. Qh5+ Ke7 34. Qg6 Qxe4+ 35. Kg1 Rf7 36. Rh7 Qd4+ 37. Kg2 Qd5+ 38. Kf2 Qxa2+ 39. Kf3 Qd5+ 40. Kf4 c4 41. Rxg7 Rxg7 42. Qxg7+ Qf7 43. Qg3 Qd5 44. Qe3+ Qe5+ 45. Qxe5+ dxe5+ 46. Ke4 Kd6   {White resigns} 0-1

[Event "Team 45 45 League T24"]
[Site "Free Internet Chess Server"]
[Date "2004.09.13"]
[Round "1"]
[White "ahorse"]
[Black "couv"]
[Result "1-0"]
[WhiteElo "1499"]
[BlackElo "1526"]
[TimeControl "2700+45"]

1. e4 e6 2. d4 d5 3. Nd2 dxe4 4. Nxe4 Nf6 5. Bd3 Be7 6. Nf3 b6 7. Qe2 Bb7 8. O-O Nbd7 9. Re1 c5 10. Neg5 h6 11. Nxf7 Kxf7 12. Qxe6+ Kf8 13. Bg6 Bd5 14. Qf5 Bf7 15. Nh4 Qe8 16. Bf4 Kg8 17. Bd6 Bxg6 18. Nxg6 Bxd6 19. Rxe8+ Rxe8 20. Nxh8 Kxh8 21. Kf1 c4 22. Re1 Rxe1+ 23. Kxe1 Kg8 24. Qe6+   {Black resigns} 1-0

[Event "Team 45 45 League T24"]
[Site "Free Internet Chess Server"]
[Date "PDT.09.0"]
[Round "1"]
[White "ButiOxa"]
[Black "twinders"]
[Result "1-0"]
[WhiteElo "1737"]
[BlackElo "1624"]
[TimeControl "2700+45"]

1. e4 c5 2. Nc3 d6 3. f4 Nf6 4. Nf3 g6 5. g3 Bg7 6. Bg2 Nc6 7. O-O O-O 8. d3 Qc7 9. h3 Nh5 10. Nd5 Qd8 11. Kh2 e6 12. Ne3 Nf6 13. c3 Bd7 14. Qc2 Rc8 15. b3 b5 16. Bb2 Qb6 17. a4 bxa4 18. bxa4 a5 19. Ba3 Qa7 20. Nc4 Ne8 21. Rab1 Rb8 22. e5 d5 23. Rxb8 Nxb8 24. Ncd2 f6 25. d4 Rf7 26. Bxc5 Qc7 27. Rb1 Nc6 28. exf6 Bxf6 29. Bb6 Qc8 30. Ne5 Bxe5 31. fxe5 Ng7 32. g4 Rf2 33. Rf1 Rxf1 34. Bxf1 Qb8 35. Bc5 Nd8 36. Nb1 Nb7 37. Be7 Qe8 38. Bf6 Bxa4 39. Qb2 Bc6 40. c4 a4 41. cxd5 Bxd5 42. Bb5 Bc6 43. Bxa4 Bxa4 44. Qxb7 Qd7 45. Qxd7 Bxd7 46. Nc3 Ne8 47. Bd8 Kf7 48. Ne4 h6 49. h4 Bc6 50. Nc5 Bd5 51. Kg3 Ng7 52. Bf6 Ne8 53. g5 Nxf6 54. exf6 hxg5 55. hxg5 Bc4 56. Nd7 Ke8 57. Ne5 Bd5 58. Nxg6 Kf7 59. Ne5+ Kf8 60. Kf4 Kg8 61. g6 Ba2 62. Nc6 Kf8 63. Ne7   {Black resigns} 1-0

[Event "Team 45 45 League T24"]
[Site "Free Internet Chess Server"]
[Date "2004.09.10"]
[Round "1"]
[White "RFFISCHER"]
[Black "BlkSabb"]
[Result "1-0"]
[WhiteElo "1516"]
[BlackElo "1757"]
[TimeControl "2700+45"]

1. e4 Nc6 2. Nc3 e6 3. Bc4 Bb4 4. Nge2 Nge7 5. d3 O-O 6. O-O a6 7. a3 Bc5 8. d4 Ba7 9. b4 b5 10. Ba2 Ng6 11. Kh1 Bb7 12. d5 Nb8 13. Nf4 Kh8 14. Nxg6+ fxg6 15. f3 exd5 16. Nxd5 c6 17. Nf4 Qf6 18. Rb1 Bd4 19. c4 Be5 20. Nh3 Bc8 21. f4 Bc7 22. Bb2 Qf7 23. Ng5 Qe7 24. Bc1 h6 25. Qg4 d5 26. f5 dxc4 27. Nh3 gxf5 28. exf5 Nd7 29. Bb2 Nf6 30. Qg6 Qf7 31. Rbe1 Qxg6 32. fxg6 Bxh3 33. gxh3 a5 34. Bb1 axb4 35. axb4 Bd6 36. Re6 Bxb4 37. Rxc6 Ba3 38. Bxf6 gxf6 39. Rcxf6 Rxf6 40. Rxf6 Bb2 41. Rf2 c3 42. Bc2 b4 43. Kg2 Rb8 44. Bb3 Kg7 45. Bc2 Bc1 46. Rf7+ Kg8 47. Bb3 Kh8 48. Rh7#   {Black checkmated} 1-0